 Dungeon Crawl Stone Soup version 0.25-a0-253-g6f1b5d974a (webtiles) character file.

Game seed: 15396251429884925697, levelgen mode: classic

70 Borgoz the Slasher (level 4, -6/38 HPs)
             Began as a Minotaur Gladiator on Dec 5, 2019.
             Killed by divine providence
             ... invoked by an orc priest
              (16 damage)
             ... on level 3 of the Dungeon.
             The game lasted 00:02:25 (1266 turns).

Borgoz the Slasher (Minotaur Gladiator)             Turns: 1266, Time: 00:02:25

Health: -6/38      AC:  5    Str: 18    XL:     4   Next: 3%
Magic:  3/3        EV: 12    Int:  5    God:
Gold:   96         SH:  0    Dex: 13    Spells: 3/3 levels left

rFire    . . .     SeeInvis .   a - +0 long sword
rCold    . . .     Gourm    .   (no shield)
rNeg     . . .     Faith    .   e - +0 ring mail
rPois    .         Spirit   .   c - +0 hat
rElec    .         Reflect  .   l - scarf {repulsion}
rCorr    .         Harm     .   (no gloves)
MR       .....                  (no boots)
Stlth    +.........             (no amulet)
HPRegen  0.12/turn              (no ring)
MPRegen  0.08/turn              (no ring)

@: repel missiles
A: retaliatory headbutt, horns 2
a: no special abilities


You were on level 3 of the Dungeon.
You were not hungry.

You visited 1 branch of the dungeon, and saw 3 of its levels.

You collected 96 gold pieces.

Inventory:

Hand Weapons
 a - a +0 long sword (weapon)
Missiles
 d - 4 throwing nets (quivered)
Armour
 c - a +0 hat (worn)
 e - a +0 ring mail (worn)
 l - a scarf of repulsion (worn)
Scrolls
 b - 3 scrolls of identify {unknown}
 g - a scroll of blinking {unknown}
 i - 2 scrolls of remove curse {unknown}
 m - a scroll of teleportation {unknown}
 n - a scroll of random uselessness {unknown}
 p - a scroll of immolation {unknown}
 q - a scroll of fog {unknown}
Potions
 h - 2 potions of magic {unknown}
 j - a potion of heal wounds {unknown}
 k - a potion of degeneration {unknown}
 r - a potion of curing {unknown}
Comestibles
 f - 8 rations
 o - 5 chunks of flesh


   Skills:
 + Level 3.3 Fighting
 + Level 4.3 Long Blades
 - Level 2.0 Throwing
 + Level 2.0 Armour
 + Level 3.9 Dodging


You had 3 spell levels left.
You didn't know any spells.
Your spell library was empty.

Dungeon Overview and Level Annotations

Branches:
Dungeon (3/15)

Altars:


Innate Abilities, Weirdness & Mutations

You reflexively headbutt those who attack you in melee.
You have a pair of horns on your head.


Message History

You hit the orc priest. Your headbutt misses the orc priest.
The orc priest is moderately wounded.
You are too injured to fight recklessly!
You are too injured to fight recklessly!
You are too injured to fight recklessly!
Unknown command.
You are too injured to fight recklessly!
You are too injured to fight recklessly!
You are too injured to fight recklessly!
You closely miss the orc priest.
The orc priest is moderately wounded.
The orc closely misses you. The orc hits you.
The orc priest hits you with a +0 short sword.
* * * LOW HITPOINT WARNING * * *
The orc closely misses you. You furiously retaliate!
You headbutt the orc.
You riposte.
You closely miss the orc. Your headbutt misses the orc.
The orc is moderately wounded.
The orc priest calls down the wrath of Beogh upon you.
Beogh smites you!
You die...

#.........#
#......[..#
#.........#
#.........#
##...<....###
#...........#
#>........#.###### #
#................#.#
#...........@###...##
#..........#.o.......
##.......#..ooo##.#.
##.....####..)#
####### ##.... #....#
##..... ......
......!


You could see an orc priest and 3 orcs.

Vanquished Creatures
  An adder (D:2)
  An ooze (D:1)
  2 dart slugs
  A leopard gecko (D:2)
  2 orcs (D:3)
  A giant cockroach (D:1)
  8 goblins
  9 hobgoblins
  2 jackals (D:2)
  6 kobolds
  3 bats
  5 frilled lizards
  4 rats (D:1)
45 creatures vanquished.

Notes
Turn   | Place    | Note
-------+----------+-------------------------------------------
     0 | D:1      | Borgoz the Minotaur Gladiator began the quest for the Orb.
     0 | D:1      | Reached XP level 1. HP: 18/18 MP: 0/0
    88 | D:1      | Reached XP level 2. HP: 21/25 MP: 1/1
    91 | D:1      | Reached skill level 1 in Armour
   226 | D:1      | Reached skill level 4 in Long Blades
   481 | D:1      | Reached XP level 3. HP: 25/30 MP: 2/2
  1243 | D:3      | Reached XP level 4. HP: 38/38 MP: 3/3
  1266 | D:3      | Killed from afar by an orc priest

Levels and vault maps discovered:
D:1:      tarquinn_simple_flora_water_f, layout_basic, chequers_big_river,
          minmay_split_cup_small
D:2:      layout_basic, first_ration
D:3:      layout_rooms

Skill      XL: |  1  2  3 |
---------------+----------+-----
Armour         | 1 2 |  2.0
Long Blades    | 4 |  4.3
Fighting       | 3 |  3.3
Throwing       | |  2.0
Dodging        | |  3.9

Action                   |  1- 3 |  4- 6 || total
-------------------------+-------+-------++-------
Melee: Long sword        |    68 |     5 ||    73
       Headbutt          |    14 |       ||    14
  Eat: Chunk             |     1 |       ||     1
Armor: Ring mail         |    21 |       ||    21
Dodge: Dodged            |    45 |     6 ||    51
       Deflected         |     4 |       ||     4
       Rpst.: Long sword |    17 |     2 ||    19

Table legend:
 A = Non-vault XP
 B = Vault XP
 C = Vault XP percentage of total XP
 D = Non-vault monster count
 E = Vault monster count
 F = Vault count percentage of total count
                 A         B        C        D         E       F
            +---------+---------+-------+---------+---------+-------
      Total |      95 |       5 |   5.0 |      42 |       3 |   6.7
            +---------+---------+-------+---------+---------+-------
        D:1 |      41 |       5 |  10.9 |      21 |       3 |  12.5
        D:2 |      48 |       0 |   0.0 |      19 |       0 |   0.0
        D:3 |       6 |       0 |   0.0 |       2 |       0 |   0.0
            +---------+---------+-------+---------+---------+-------
